Map: [ESL] Waterfall

Players

MaNa

  • Race: Protoss Protoss
  • Spawn Location: 1:00

SKillous - Winner!

  • Race: Protoss Protoss
  • Spawn Location: 7:00

Event: DreamHack SC2 Masters 2022 Atlanta (Online)

VOD

Have the link to the VOD?

Description

Time

  • Played on: Oct. 4, 2022, 12:13 p.m.
  • Length: 15:41

All games in this series

Show
View Real Time Build Order
Export as new Build Order

MaNa Protoss 

Build Orders:  

Get SALT Encoding   

  12  0:00  Probe  
  13  0:12  Probe  
  14  0:18  Pylon  
  14  0:24  Probe (Chrono Boost)  
  15  0:37  Probe (Chrono Boost)  
  15  0:39  Gateway  
  16  0:45  Probe (Chrono Boost)  
  16  0:47  Assimilator  
  17  0:51  Probe  
  18  1:03  Probe (Chrono Boost)  
  19  1:04  Assimilator  
  19  1:15  Probe (Chrono Boost), Pylon  
  20  1:21  Probe (Chrono Boost)  
  21  1:26  Cybernetics Core  
  21  1:29  Probe  
  22  1:33  Zealot  
  24  1:41  Probe  
  25  1:53  Probe  
  26  2:01  Warp Gate (Chrono Boost)  
  26  2:03  Stalker  
  26  2:06  Probe  
  29  2:10  Pylon  
  29  2:17  Stargate  
  29  2:20  Probe  
  30  2:37  Nexus  
  30  2:39  Sentry  
  32  2:49  Gateway  
  31  2:54  Shield Battery  
  31  2:58  Probe  
  32  3:06  Sentry  
  32  3:10  Probe  
  35  3:14  Pylon  
  35  3:22  Probe  
  36  3:27  Twilight Council  
  37  3:34  Probe  
  37  3:41  Pylon  
  37  3:42  Stalker  
  37  3:46  Probe  
  40  3:53  Probe, Stalker  
  41  3:59  Probe  
  39  4:05  Probe (Chrono Boost)  
  39  4:11  Probe (Chrono Boost), Blink  
  41  4:17  Probe (Chrono Boost)  
  41  4:22  Probe (Chrono Boost)  
  42  4:24  Probe (Chrono Boost)  
  42  4:27  Dark Shrine, Probe (Chrono Boost)  
  44  4:33  Stalker  
  44  4:35  Probe (Chrono Boost)  
  48  4:39  Probe (Chrono Boost)  
  48  4:42  Stalker  
  48  4:43  Phoenix  
  50  4:47  Probe (Chrono Boost)  
  52  4:55  Probe (Chrono Boost)  
  52  4:57  Stalker  
  52  4:59  Probe (Chrono Boost)  
  54  5:02  Probe  
  56  5:08  Pylon  
  56  5:12  Stalker  
  51  5:21  Probe x2 (Chrono Boost)  
  53  5:33  Probe x2 (Chrono Boost)  
  55  5:39  Dark Templar  
  55  5:40  Probe x2 (Chrono Boost)  
  55  5:42  Stalker  
  61  5:48  Probe x2  
  63  5:53  Gateway x2  
  63  5:55  Pylon  
  63  6:00  Probe x2  
  63  6:02  Robotics Facility  
  65  6:11  Stalker x2  
  65  6:12  Probe  
  65  6:17  Shield Battery  
  69  6:27  Nexus  
  69  6:33  Pylon  
  69  6:36  Stalker x2  
  69  6:38  Probe x2  
  73  6:46  Assimilator  
  73  6:48  Stalker x2  
  73  6:50  Probe  
  73  6:51  Probe  
  79  6:56  Observer (Chrono Boost)  
  79  6:59  Pylon  
  79  7:01  Pylon  
  80  7:04  Pylon  
  80  7:09  Shield Battery  
  80  7:17  Forge  
  80  7:18  Stalker  
  80  7:19  Stalker  
  80  7:20  Probe x2  
  86  7:24  Observer  
  86  7:26  Stalker  
  88  7:34  Probe x2  
  87  7:43  Probe  
  87  7:44  Stalker  
  90  7:46  Probe x2  
  90  7:47  Stalker  
  94  7:55  Probe  
  94  7:58  Probe x2  
  97  8:00  Adept x2  
  97  8:02  Protoss Ground Weapons Level 1 (Chrono Boost)  
  99  8:08  Probe  
  99  8:09  Charge  
  99  8:10  Probe x2  
  102  8:16  Stalker  
  104  8:20  Probe  
  104  8:22  Probe x2  
  107  8:33  Stalker x2  
  109  8:35  Observer  
  109  8:45  Probe x2  
  107  8:50  Gateway x2, Assimilator  
  107  8:52  Gateway  
  107  8:53  Gateway  
  107  8:56  Nexus, Photon Cannon  
  107  8:58  Observer  
  108  9:04  Stalker x4  
  108  9:07  Pylon  
  116  9:15  Gateway  
  116  9:16  Gateway  
  116  9:25  Warp Prism  
  118  9:38  Nexus  
  118  9:44  Pylon  
  117  9:48  Pylon  
  117  9:50  Protoss Ground Weapons Level 2 (Chrono Boost)  
  117  9:55  Pylon  
  117  9:59  Pylon  
  117  10:00  Pylon  
  117  10:06  Observer, Photon Cannon  
  117  10:07  Stalker x7  
  121  10:08  Stalker  
  121  10:09  Shield Battery  
  121  10:13  Probe x3  
  121  10:14  Observer  
  137  10:27  Observer  
  137  10:31  Stalker x5  
  137  10:32  Zealot x2  
  149  10:38  Stalker  
  149  10:39  Zealot  
  149  10:40  Zealot  
  149  10:41  Probe  
  148  10:51  Observer  
  148  11:00  Assimilator  
  148  11:02  Zealot x6  
  148  11:03  Zealot x2  
  154  11:11  Zealot x2  
  154  11:13  Gateway  
  157  11:19  Observer  
  157  11:20  Probe x2  
  160  11:30  Stalker x3  
  160  11:31  Stalker x3  
  166  11:46  Zealot x4  
  130  11:47  Probe  
  113  11:56  Stalker x5  
  113  12:00  Stalker  
  123  12:10  Stalker x5  
  115  12:23  Zealot x4  
  115  12:27  Zealot x2  
  115  12:35  Zealot x5  
  115  12:37  Probe x2  
  108  12:46  Stalker x4  
  115  12:52  Zealot x2  
  115  12:53  Observer  
  116  13:02  Stalker  
  116  13:03  Stalker x3  
  122  13:06  Stalker  
  124  13:19  Zealot x6  
  124  13:29  Dark Templar  
  124  13:31  Dark Templar x3  
  126  13:37  Dark Templar  
  126  13:39  Shield Battery  
  126  13:41  Shield Battery  
  126  13:43  Pylon  
  126  13:46  Pylon  
  118  13:56  Observer  
  113  14:03  Archon  
  113  14:04  Stalker x6  
  113  14:05  Stalker  
  127  14:11  Stalker  
  118  14:27  Zealot x6  
  118  14:29  Zealot x3  
  109  14:45  Zealot  
  109  14:49  Stalker x2  
  109  14:50  Stalker x2  
  109  14:51  Zealot x2  
  87  14:59  Stalker x2  
  91  15:05  Dark Templar  
  91  15:16  Stalker x3  
  93  15:21  Stalker  
Show
View Real Time Build Order
Export as new Build Order

SKillous Protoss - Winner!

Build Orders: Oracle Opening, Phoenix Opening 

Get SALT Encoding   

  12  0:00  Probe  
  13  0:12  Probe  
  14  0:17  Pylon  
  14  0:24  Probe  
  15  0:35  Gateway  
  15  0:36  Probe (Chrono Boost)  
  16  0:46  Probe (Chrono Boost), Assimilator  
  17  0:51  Probe (Chrono Boost)  
  17  0:55  Assimilator  
  18  1:03  Probe (Chrono Boost)  
  19  1:08  Gateway  
  19  1:13  Probe (Chrono Boost)  
  20  1:18  Probe  
  21  1:25  Cybernetics Core  
  21  1:30  Probe  
  22  1:35  Pylon  
  22  1:41  Pylon  
  22  1:44  Probe  
  23  1:56  Probe  
  24  2:02  Stalker x2  
  24  2:04  Warp Gate  
  28  2:11  Pylon  
  28  2:33  Stargate  
  28  2:37  Adept  
  28  2:42  Adept  
  32  3:09  Nexus  
  32  3:11  Probe  
  33  3:15  Phoenix (Chrono Boost)  
  35  3:20  Shield Battery  
  35  3:23  Probe  
  35  3:27  Pylon  
  36  3:40  Oracle (Chrono Boost)  
  39  3:45  Probe  
  38  3:57  Probe  
  39  4:07  Twilight Council  
  39  4:09  Probe  
  36  4:14  Oracle (Chrono Boost)  
  36  4:21  Probe (Chrono Boost)  
  41  4:24  Shield Battery  
  41  4:26  Probe (Chrono Boost)  
  41  4:27  Gateway  
  41  4:31  Probe (Chrono Boost)  
  42  4:34  Probe (Chrono Boost)  
  42  4:36  Probe (Chrono Boost)  
  42  4:37  Blink (Chrono Boost)  
  44  4:45  Probe  
  45  4:48  Probe  
  46  4:53  Stalker  
  46  4:56  Pylon  
  46  4:57  Probe  
  49  5:01  Stalker  
  49  5:06  Probe  
  52  5:11  Gateway  
  52  5:16  Probe  
  52  5:18  Probe  
  51  5:22  Assimilator  
  51  5:26  Forge  
  51  5:28  Probe  
  51  5:30  Probe, Stalker  
  51  5:35  Stalker  
  57  5:40  Probe  
  58  5:43  Probe  
  58  5:46  Assimilator  
  58  5:47  Stalker  
  61  5:52  Pylon  
  61  5:53  Probe  
  61  5:55  Probe  
  63  6:00  Stalker x2  
  67  6:05  Probe  
  67  6:06  Photon Cannon  
  69  6:14  Protoss Ground Weapons Level 1 (Chrono Boost)  
  69  6:21  Stalker x2  
  69  6:24  Stalker  
  69  6:25  Stalker  
  76  6:39  Pylon  
  76  6:44  Nexus  
  76  6:45  Stalker  
  78  6:58  Pylon  
  78  7:00  Stalker x3  
  84  7:06  Probe x2  
  86  7:13  Photon Cannon, Pylon  
  86  7:16  Stalker  
  86  7:21  Pylon  
  88  7:24  Stalker  
  88  7:25  Probe  
  91  7:42  Probe (Chrono Boost)  
  91  7:43  Probe (Chrono Boost), Stalker  
  91  7:44  Stalker x2  
  97  7:46  Pylon  
  97  7:47  Stalker  
  99  7:55  Probe (Chrono Boost)  
  100  8:00  Probe (Chrono Boost)  
  100  8:02  Probe (Chrono Boost)  
  100  8:03  Probe (Chrono Boost)  
  100  8:04  Robotics Facility  
  100  8:05  Probe (Chrono Boost)  
  100  8:06  Protoss Ground Weapons Level 2 (Chrono Boost)  
  100  8:07  Shield Battery  
  100  8:09  Probe  
  102  8:13  Probe  
  102  8:19  Probe  
  104  8:22  Probe  
  104  8:25  Probe  
  104  8:26  Assimilator  
  106  8:30  Assimilator  
  106  8:32  Probe, Stalker  
  106  8:33  Stalker  
  110  8:35  Stalker  
  110  8:40  Shield Battery  
  110  8:42  Stalker  
  110  8:43  Probe  
  110  8:47  Probe  
  112  8:53  Observer (Chrono Boost)  
  113  8:56  Shield Battery, Pylon  
  113  8:57  Robotics Bay  
  113  8:59  Sentry x2  
  113  9:00  Probe, Stalker  
  120  9:06  Observer (Chrono Boost)  
  121  9:12  Stalker  
  123  9:19  Gateway  
  123  9:20  Gateway  
  123  9:25  Observer (Chrono Boost), Robotics Facility  
  124  9:40  Probe  
  124  9:42  Disruptor (Chrono Boost)  
  125  9:49  Nexus  
  125  9:50  Observer  
  125  9:52  Pylon  
  128  9:54  Probe x2  
  128  9:56  Pylon x2  
  128  9:58  Pylon  
  130  10:00  Charge  
  130  10:04  Photon Cannon  
  130  10:05  Shield Battery  
  130  10:10  Stalker x3  
  130  10:11  Disruptor  
  139  10:19  Stalker x3  
  145  10:25  Photon Cannon  
  145  10:29  Shield Battery  
  145  10:33  Protoss Ground Weapons Level 3 (Chrono Boost)  
  145  10:40  Stalker x2  
  149  10:48  Disruptor (Chrono Boost), Stalker x3  
  155  10:52  Disruptor (Chrono Boost)  
  161  10:59  Shield Battery  
  161  11:02  Pylon  
  159  11:09  Probe x2  
  159  11:11  Probe x2  
  163  11:13  Stalker x2  
  163  11:15  Stalker  
  168  11:20  Stalker x2  
  168  11:22  Probe  
  173  11:27  Warp Prism (Chrono Boost)  
  173  11:37  Zealot x2  
  172  11:46  Disruptor (Chrono Boost)  
  154  11:49  Stalker x4  
  154  11:50  Probe  
  158  11:56  Probe x2  
  158  11:58  Assimilator  
  158  12:00  Photon Cannon  
  158  12:01  Dark Shrine, Probe  
  160  12:03  Observer (Chrono Boost), Assimilator  
  160  12:10  Observer  
  160  12:14  Disruptor (Chrono Boost)  
  160  12:19  Disruptor (Chrono Boost)  
  139  12:24  Zealot x6  
  144  12:32  Probe  
  126  12:45  Disruptor (Chrono Boost), Stalker x6  
  126  12:49  Probe  
  140  12:52  Disruptor (Chrono Boost)  
  141  13:04  Probe x2  
  141  13:08  Stalker  
  141  13:09  Stalker x3  
  141  13:10  Gateway  
  141  13:11  Stalker  
  141  13:12  Shadow Stride (Chrono Boost), Gateway, Stalker  
  153  13:13  Disruptor  
  153  13:16  Probe, Protoss Ground Armor Level 1 (Chrono Boost)  
  152  13:28  Observer  
  152  13:35  Dark Templar  
  152  13:36  Dark Templar x4  
  152  13:39  Nexus  
  162  13:41  Pylon  
  162  13:47  Probe  
  163  13:49  Observer  
  163  13:50  Observer  
  160  13:59  Zealot  
  158  14:05  Probe  
  155  14:11  Observer x2  
  157  14:17  Stalker x4  
  157  14:18  Shield Battery, Stalker x2  
  157  14:19  Photon Cannon  
  157  14:24  Gravitic Boosters  
  150  14:37  Stalker x2  
  139  14:44  Stalker x6  
  139  14:53  Disruptor x2 (Chrono Boost)  
  139  14:58  Probe  
  146  15:02  Photon Cannon  
  146  15:06  Gateway  
  146  15:07  Shield Battery, Photon Cannon  
  145  15:08  Photon Cannon  
  145  15:12  Gateway  
  137  15:18  Stalker x5  
  143  15:27  Stalker x3  
Tags
 
Add a new tag
Caveats
  • Supply blocks, unpowered buildings, or Contaminate may cause inaccurate times.
  • Supply counts are checked every 10 seconds.